 Dungeon Crawl Stone Soup version 0.20-a0-537-g052e6ba (webtiles) character file.

312 polly the Shield-Bearer (level 6, -1/38 HPs)
             Began as a Gargoyle Fighter on Jan 27, 2017.
             Killed by divine providence
             ... invoked by an orc priest
              (16 damage)
             ... on level 5 of the Dungeon on Jan 28, 2017.
             The game lasted 00:04:37 (2267 turns).

polly the Shield-Bearer (Gargoyle Fighter)          Turns: 2267, Time: 00:04:37

Health: -1/38      AC: 17    Str: 21    XL:     6   Next: 42%
Magic:  6/6        EV:  4    Int:  9    God:
Gold:   138        SH:  9    Dex:  9    Spells: 5/5 levels left

rFire    . . .     SeeInvis .   w - +0 morningstar
rCold    . . .     Gourm    .   r - +0 plate armour
rNeg     + . .     Faith    .   c - +0 shield
rPois    ∞         Spirit   .   (no helmet)
rElec    +         Reflect  .   a - +0 cloak
rCorr    .         Harm     .   (no gloves)
MR       .....                  (no boots)
Stlth    ..........             (no amulet)
Regen    0.2/turn               (no ring)
                                (no ring)

@: no status effects
A: negative energy resistance 1, electricity resistance, unbreathing,
petrification resistance, rot immunity, AC +4
a: no special abilities


You were on level 5 of the Dungeon.
You were hungry.

You visited 1 branch of the dungeon, and saw 4 of its levels.

You collected 138 gold pieces.

Inventory:

Hand Weapons
 w - a +0 morningstar (weapon)
Armour
 a - a +0 cloak (worn)
 c - a +0 shield (worn)
 i - a +0 cloak
 r - a +0 plate armour (worn)
Scrolls
 g - 6 scrolls of remove curse {unknown}
 l - 3 scrolls of identify {unknown}
 m - 2 scrolls of random uselessness {unknown}
 o - a scroll of recharging {unknown}
 p - a scroll of enchant weapon {unknown}
 s - a scroll of teleportation {unknown}
 v - a scroll of blinking {unknown}
Potions
 b - a potion of agility {unknown}
 d - a potion of might
 e - 2 potions of haste {unknown}
 j - 3 potions of cure mutation {unknown}
 k - a potion of heal wounds {unknown}
 n - 2 potions of curing {unknown}
 q - a potion of mutation {unknown}
 t - a potion of brilliance {unknown}
 u - 2 potions of cancellation {unknown}
 x - a potion of flight {unknown}
Comestibles
 f - a bread ration
 h - 2 royal jellies


   Skills:
 + Level 4.1 Fighting
 + Level 4.2 Maces & Flails
 + Level 4.2 Armour
 + Level 0.7 Dodging
 - Level 0.2 Stealth
 + Level 4.9 Shields


You had 5 spell levels left.
You didn't know any spells.

Dungeon Overview and Level Annotations

Branches:
Dungeon (3/15)

Altars:
Trog
Yredelemnul


Innate Abilities, Weirdness & Mutations

You are resistant to torment.
Your stone body is resilient. (AC +4)
You are immune to poison.
You resist negative energy. (rN+)
You are resistant to electric shocks. (rElec)
You can survive without breathing.
You are immune to petrification.
You are immune to rotting.


Message History

You block the orc's attack.
An orc comes into view. It is wielding a club.
You thump the orc priest!
The orc priest is severely wounded.
The orc priest mumbles some strange prayers to Beogh against you.
Beogh smites you! You block the orc priest's attack.
You block the orc's attack.
You closely miss the orc priest.
The orc priest is severely wounded.
The orc priest hits you but does no damage.
The orc hits you but does no damage.
You barely miss the orc priest.
The orc priest is severely wounded.
The orc priest hits you but does no damage.
You block the orc's attack.
The orc priest invokes the aid of Beogh against you.
Pain shoots through your body!
The orc priest mumbles some strange prayers to Beogh against you.
Beogh smites you!
You die...

#. #. #o #o >. #o
######.## #o
#........
#o#######........
#o@..............
########.........
#.........
#.........
#.....)...
#(#####.## #.# .
#)# ####.###


You could see 3 orc priests and 3 orcs.

Vanquished Creatures
  A sky beast (D:5)
  A quasit (D:3)
  An orc priest (D:3)
  Terence (D:3)
  2 adders (D:3)
  An ooze (D:3)
  3 worms
  7 dart slugs
  A leopard gecko (D:2)
  6 orcs (D:3)
  6 bats (D:1)
  3 giant cockroaches (D:1)
  13 goblins
  4 hobgoblins
  14 jackals
  A quokka (D:3)
  5 frilled lizards
  4 kobolds
  8 rats
82 creatures vanquished.

Notes
Turn   | Place    | Note
-------+----------+-------------------------------------------
     0 | D:1      | polly the Gargoyle Fighter began the quest for the Orb.
     0 | D:1      | Reached XP level 1. HP: 14/14 MP: 1/1
   165 | D:1      | Reached XP level 2. HP: 13/19 MP: 2/2
   416 | D:1      | Reached XP level 3. HP: 12/24 MP: 3/3
   588 | D:2      | Upgraded the game from 0.20-a0-531-g6a4a307 to 0.20-a0-537-g052e6ba
   773 | D:2      | Found a basalt altar of Yredelemnul.
   984 | D:2      | Found a bloodstained altar of Trog.
  1312 | D:2      | Reached XP level 4. HP: 23/29 MP: 4/4
  1667 | D:3      | Reached XP level 5. HP: 24/33 MP: 5/5
  1920 | D:3      | Noticed Terence
  1931 | D:3      | Killed Terence
  2152 | D:3      | You fall through a shaft for 2 floors!
  2152 | D:5      | Entered Level 5 of the Dungeon
  2177 | D:5      | Noticed a sky beast
  2233 | D:5      | Killed a sky beast
  2233 | D:5      | Reached XP level 6. HP: 28/38 MP: 6/6
  2267 | D:5      | Killed from afar by an orc priest

Vault maps used:
D:1:      ncdulo_halloftheorcs, st_stairs_8, minmay_misc_feat_more_columns
D:2:      lemuel_coloured_pillars_altar, nicolae_overflow_hidden_temple
D:3:      gammafunk_temple_overflow_statue, uniq_terence
D:5:      first_bread, minivault_1

Skill      XL: |  1  2  3  4  5 |
---------------+----------------+-----
Maces & Flails | 3 4 |  4.2
Shields        | 4 |  4.9
Fighting       | 4 |  4.1
Armour         | 4 |  4.2
Dodging        | |  0.7
Stealth        | |  0.2

Action                   |  1- 3 |  4- 6 || total
-------------------------+-------+-------++-------
Melee: Flail             |   131 |   119 ||   250
       Morningstar       |       |   161 ||   161
  Eat: Chunk             |     1 |     4 ||     5
Armor: Scale mail        |    67 |       ||    67
       Plate armour      |     3 |   245 ||   248
       Skin              |     1 |       ||     1
Dodge: Dodged            |    57 |    51 ||   108
Block: Shield            |    80 |   156 ||   236
